 Dungeon Crawl Stone Soup version 0.29-a0-82-g837932c90e (console) character file.

Game seed: 371149785991666808

436 Melian the Skirmisher (level 6, -15/60 HPs)
             Began as a Minotaur Berserker on Feb 4, 2022.
             Was a Priest of Trog.
             Demolished by Duvessa (19 damage)
             ... on level 5 of the Dungeon on Apr 26, 2022.
             The game lasted 00:19:31 (4109 turns).

Melian the Skirmisher (Minotaur Berserker)          Turns: 4109, Time: 00:19:31

Health: -15/60     AC:  4    Str: 23    XL:     6   Next: 68%
Magic:  5/5        EV: 15    Int:  4    God:    Trog [***...]
Gold:   135        SH:  0    Dex: 10    Spells: 5/5 levels left

rFire   + . .      SeeInvis .   a - +0 hand axe
rCold   . . .      Faith    .   (no shield)
rNeg    . . .      Spirit   .   t - +0 leather armour
rPois   .          Reflect  .   (helmet restricted)
rElec   .          Harm     .   (no cloak)
rCorr   .          Rampage  .   o - +0 pair of gloves
Will    ++...                   (no boots)
Stlth   +.........              (no amulet)
HPRegen 1.20/turn               F - ring of protection from fire
MPRegen 0.09/turn               E - +4 ring of evasion

@: strong-willed, on berserk cooldown, regenerating
A: horns 2, retaliatory headbutt
a: Renounce Religion, Berserk, Trog's Hand


You were on level 5 of the Dungeon.
You worshipped Trog.
Trog was most pleased with you.
You visited 1 branch of the dungeon, and saw 5 of its levels.

You collected 135 gold pieces.


Innate Abilities, Weirdness & Mutations

You have a pair of horns on your head.
You reflexively headbutt those who attack you in melee.


   Skills:
 + Level 7.0 Fighting
 + Level 6.9 Axes
 - Level 2.4 Armour
 - Level 2.1 Dodging


You had 5 spell levels left.
You didn't know any spells.
Your spell library contained the following spells:

 Spells                   Type           Power      Damage    Failure   Level
 Inner Flame              Hex/Fire       0%         N/A       89%         3
 Iskenderun's Mystic Bla  Conj/Tloc      0%         2d3       100%        4
 Malign Gateway           Summ/Tloc      0%         N/A       100%        7

Inventory:

Hand Weapons
 a - a +0 hand axe (weapon)
 c - a +0 hand axe
Armour
 n - the +3 robe of the Griffon {rElec Dex-3 Stlth+}
   (You found it on level 3 of the Dungeon)

   Dex:       It affects your dexterity (-3).
   rElec:     It insulates you from electricity.
   Stlth:     It makes you more stealthy.
 o - a +0 pair of gloves (worn)
 t - a +0 leather armour (worn)
Jewellery
 f - a ring of fire
 E - a +4 ring of evasion (right hand)
 F - a ring of protection from fire (left hand)
Wands
 h - a wand of mindburst (11)
 m - a wand of iceblast (7)
Scrolls
 d - 4 scrolls of identify {unknown}
 i - 2 scrolls of teleportation {unknown}
 j - a scroll of fog {unknown}
 k - a scroll of noise {unknown}
 p - a scroll of enchant weapon {unknown}
 r - a scroll of vulnerability {unknown}
Potions
 e - a potion of flight {unknown}
 g - 2 potions of curing {unknown}
 l - a potion of might {unknown}
 q - a potion of berserk rage {unknown}
 s - 3 potions of attraction {unknown}

Dungeon Overview and Level Annotations

Branches:
Dungeon (5/15)             Temple (0/1) D:4

Altars:
Ashenzari
Hepliaklqana
The Shining One

Shops:
D:1 (:

Annotations:
D:5 Duvessa

....#
##(.......#
....+
#.........#
....#
#.........# #+#
....#
+...###...##..+
....#
##..#.#.......#
....#
#.#.⌠.#......#
....#
#..#.#...##..
#..###...# ..
#........#
#...##).e# #...
#..@# .....
##### .......
....... ..##e..
.. #...


You could see Duvessa (berserk).


Message History

Your skin crawls.
You feel strong-willed.
You feel yourself speed up. Duvessa hits you with a +0 short sword!
Duvessa hits you with a +0 short sword. Duvessa misses you.
You furiously retaliate!
You headbutt Duvessa. You hit Duvessa.
Duvessa is heavily wounded.
Duvessa hits you with a +0 short sword.
You barely miss Duvessa. You headbutt Duvessa!
Duvessa is heavily wounded.
Duvessa closely misses you. You furiously retaliate!
You headbutt Duvessa. Duvessa hits you with a +0 short sword!
* * * LOW HITPOINT WARNING * * *
Unknown command.
You hit Duvessa.
Duvessa is severely wounded.
Duvessa hits you with a +0 short sword!
* * * LOW HITPOINT WARNING * * *
You barely miss Duvessa.
Duvessa is severely wounded.
Duvessa misses you. You furiously retaliate!
You headbutt Duvessa, but do no damage. Duvessa completely misses you.
You hit Duvessa.
Duvessa is severely wounded.
Duvessa hits you but does no damage.
You hit Duvessa.
Duvessa is severely wounded.
Duvessa hits you with a +0 short sword!
* * * LOW HITPOINT WARNING * * *
Duvessa closely misses you.
You hit Duvessa but do no damage. You headbutt Duvessa, but do no damage.
Duvessa is severely wounded.
Duvessa hits you with a +0 short sword!!
You die...

Skill      XL: |  1  2  3  4  5  6 |
---------------+-------------------+-----
Fighting       | 4 5 6 7 |  7.0
Axes           | 4 5 6 |  6.9
Armour         | |  2.4
Dodging        | |  2.1

Action                   |  1- 3 |  4- 6 || total
-------------------------+-------+-------++-------
Melee: Hand axe          |    80 |   138 ||   218
       Headbutt          |    10 |    22 ||    32
       Punch             |     2 |     3 ||     5
Invok: Berserk           |       |     2 ||     2
       Trog's Hand       |       |     1 ||     1
Armor: Animal skin       |    12 |    16 ||    28
       Leather armour    |       |     1 ||     1
Dodge: Dodged            |    41 |    79 ||   120

Levels and vault maps discovered:
D:1:      evilmike_arrival_crescent, layout_rooms, serial_shops,
          nicolae_shop_statue_plus, nicolae_lakefront_shop, lemuel_old_faithful
D:2:      layout_basic, uniq_robin
D:3:      kennysheep_six_static_rooms, layout_basic,
          mainiacjoe_overflow_large_starburst
D:4:      layout_basic, cheibrodos_ashenzari_chains,
          minmay_temple_entry_gardened_gates, serial_rivers,
          chequers_serial_rivers_marsh, chequers_serial_rivers_room_a,
          chequers_serial_rivers_micro_e, chequers_serial_rivers_micro_d,
          minivault_27
D:5:      layout_gridville, serial_shops, shop, shop_fountains,
          grunt_decor_one_mirror, uniq_duvessa, uniq_menkaure

Notes
Turn   | Place    | Note
-------+----------+-------------------------------------------
     0 | D:1      | Melian the Minotaur Berserker began the quest for the Orb.
     0 | D:1      | Reached XP level 1. HP: 19/19 MP: 0/0
    47 | D:1      | Reached skill level 4 in Fighting
    47 | D:1      | Reached skill level 4 in Axes
    47 | D:1      | Reached XP level 2. HP: 27/27 MP: 1/1
   323 | D:1      | Found Lupeh's Book Boutique.
   438 | D:1      | Reached XP level 3. HP: 34/34 MP: 2/2
   599 | D:1      | Found Bizyosk's Antique Weapon Shoppe.
   747 | D:2      | Reached ** piety under Trog
   887 | D:2      | Noticed Robin
   941 | D:2      | Killed Robin
   942 | D:2      | Reached XP level 4. HP: 23/41 MP: 3/3
  1215 | D:2      | Reached skill level 5 in Fighting
  1221 | D:2      | Reached skill level 5 in Axes
  2078 | D:3      | Identified the +3 robe of the Griffon {rElec Dex-3 Stlth+}
  2374 | D:3      | Reached XP level 5. HP: 48/48 MP: 4/4
  2567 | D:3      | Found a glowing golden altar of the Shining One.
  2576 | D:3      | Found a hazy altar of Hepliaklqana.
  3201 | D:4      | Got the Papyrus of Enthralling Orientation
  3214 | D:4      | Found a staircase to the Ecumenical Temple.
  3234 | D:4      | Reached *** piety under Trog
  3275 | D:4      | Found a broken altar of Ashenzari.
  3302 | D:4      | Reached skill level 6 in Fighting
  3302 | D:4      | Reached skill level 6 in Axes
  3469 | D:4      | Reached XP level 6. HP: 57/57 MP: 5/5
  3826 | D:5      | Entered Level 5 of the Dungeon
  4053 | D:5      | Noticed Dowan
  4064 | D:5      | Killed Dowan
  4065 | D:5      | Reached skill level 7 in Fighting
  4094 | D:5      | Noticed Duvessa
  4108 | D:5      | HP: 2/60 [Duvessa (12)]
  4109 | D:5      | Demolished by Duvessa

Vanquished Creatures
  Dowan (D:5)
  3 hounds (D:4)
  3 orc priests
  An orc wizard (D:4)
  Robin (D:2)
  A howler monkey zombie (D:3)
  A gnoll (D:1)
  4 adders
  3 worms (D:3)
  A dart slug (D:4)
  6 orcs
  4 ball pythons
  7 bats
  8 endoplasms
  4 giant cockroaches
  10 hobgoblins
  8 jackals
  6 kobolds
  3 quokkas
  2 frilled lizards (D:1)
  19 goblins
  A rat (D:1)
97 creatures vanquished.

Vanquished Creatures (others)
  2 plants (D:4)
2 creatures vanquished.

Grand Total: 99 creatures vanquished

Table legend: (Time is in decaauts)
 A = Elapsed time spent in this place.
 B = Non-inter-level travel time spent in this place.
 C = Inter-level travel time spent in this place.
 D = Time resting spent in this place.
 E = Time spent auto-exploring this place.
 F = Levels seen in this place.
 G = Mean time per level.
                   A        B        C        D        E       F      G
               +--------+--------+--------+--------+--------+-----+--------+
         Total |   4151 |   4061 |     90 |    286 |   2776 |   5 |  830.2 |
       Dungeon |   4151 |   4061 |     90 |    286 |   2776 |   5 |  830.2 |
               +--------+--------+--------+--------+--------+-----+--------+

Top non-repeatable levels by time:
     D:2: 1259 daAuts
     D:3: 1008 daAuts
     D:4: 841 daAuts
     D:1: 744 daAuts
     D:5: 296 daAuts

Table legend:
 A = Non-vault XP
 B = Vault XP
 C = Vault XP percentage of total XP
 D = Non-vault monster count
 E = Vault monster count
 F = Vault count percentage of total count
                 A         B        C        D         E       F
            +---------+---------+-------+---------+---------+-------
      Total |     486 |     137 |  22.0 |      77 |      20 |  20.6
            +---------+---------+-------+---------+---------+-------
        D:1 |      52 |       0 |   0.0 |      23 |       0 |   0.0
        D:2 |      57 |      40 |  41.2 |      18 |      13 |  41.9
        D:3 |      36 |      28 |  43.8 |      10 |       6 |  37.5
        D:4 |     251 |       0 |   0.0 |      22 |       0 |   0.0
        D:5 |      90 |      69 |  43.4 |       4 |       1 |  20.0
            +---------+---------+-------+---------+---------+-------
